 Dungeon Crawl Stone Soup version 0.29-a0-284-gf9362112df (webtiles) character file.

Game seed: 8168878805333100092

301 marklar909 the Slasher (level 6, -1/51 HPs)
             Began as a Palentonga Abyssal Knight on Mar 22, 2022.
             Was an Elder of Lugonu.
             Slain by a bullfrog (2 damage)
             ... in a sewer.
             The game lasted 00:08:20 (4605 turns).

marklar909 the Slasher (Palentonga Abyssal Knight)  Turns: 4605, Time: 00:08:20

Health: -1/51      AC:  8    Str: 18    XL:     6   Next: 14%
Magic:  4/7        EV:  8    Int: 11    God:    Lugonu [****..]
Gold:   169        SH:  0    Dex: 10    Spells: 5/5 levels left

rFire   . . .      SeeInvis +   a - +1 falchion
rCold   + . .      Faith    .   (no shield)
rNeg    . . .      Spirit   .   c - +0 ring mail
rPois   .          Reflect  .   (no helmet)
rElec   .          Harm     .   e - +0 cloak
rCorr   .          Rampage  .   h - +0 pair of gloves
Will    .....                   (no barding)
Stlth   +.........              i - amulet of the acrobat
HPRegen 0.17/turn               k - ring of protection from cold
MPRegen 0.10/turn               (no ring)

@: no status effects
A: large, rugged brown scales 3, see invisible, deformed body, roll 1, armoured
tail
a: Rolling Charge, Renounce Religion, Depart the Abyss, Bend Space, Banish,
Corrupt


You were in a sewer.
You worshipped Lugonu.
Lugonu was greatly pleased with you.
You visited 1 branch of the dungeon, and saw 4 of its levels.
You visited the Abyss 1 time.
You also visited: Sewer.

You collected 169 gold pieces.

Inventory:

Hand Weapons
 a - a +1 falchion (weapon)
Missiles
 j - 5 datura-tipped darts
Armour
 c - a +0 ring mail (worn)
 e - a +0 cloak (worn)
 h - a +0 pair of gloves (worn)
Jewellery
 i - an amulet of the acrobat (around neck)
 k - a ring of protection from cold (left hand)
Scrolls
 b - a scroll of fog
 f - 3 scrolls of vulnerability


   Skills:
 + Level 4.1 Fighting
 + Level 4.3 Long Blades
 + Level 2.9 Armour
 + Level 1.5 Dodging
 + Level 0.2 Stealth
 + Level 2.4 Invocations


You had 5 spell levels left.
You didn't know any spells.
Your spell library contained the following spells:

 Spells                   Type           Power      Damage    Failure   Level
 Slow                     Hex            0%         N/A       52%         1


Dungeon Overview and Level Annotations

Branches:
Dungeon (4/15)              Sewer (1/1)
 Temple: D:4-7

Altars:

Annotations:
D:4 3 runed translucent doors, sammy202020's ghost, amateur MiBe


Innate Abilities, Weirdness & Mutations

You are completely covered in rugged brown scales. (AC +3, +7% HP)
You have supernaturally acute eyesight. (SInv)
Armour fits poorly on your strangely shaped body.
You can roll at nearby foes to attack.
You have a long armoured tail.


Message History

The giant cockroach bites you but does no damage.
Okay, then.
Okay, then.
You aren't carrying any items that you can evoke.
Okay, then.
It was a potion of might.
You feel very mighty all of a sudden.
The bullfrog hits you but does no damage.
The quokka bites you but does no damage.
The quokka closely misses you.
The ball python bites you but does no damage.
The giant cockroach bites you but does no damage.
The bullfrog hits you.
* * * LOW HITPOINT WARNING * * *
It was a potion of cancellation.
Your magical effects are unravelling.
You feel magically purged.
You feel a little less mighty now. The quokka bites you.
* * * LOW HITPOINT WARNING * * *
The quokka bites you.
* * * LOW HITPOINT WARNING * * *
The ball python bites you but does no damage.
The bullfrog barely misses you. The giant cockroach bites you.
* * * LOW HITPOINT WARNING * * *
The quokka barely misses you.
Okay, then.
You aren't carrying any items that you can evoke.
You hit the bullfrog. You tail-slap the bullfrog.
The bullfrog is moderately wounded.
The quokka bites you but does no damage.
The bullfrog hits you but does no damage.
The ball python closely misses you.
The giant cockroach bites you but does no damage.
The quokka bites you.
* * * LOW HITPOINT WARNING * * *
The quokka bites you.
* * * LOW HITPOINT WARNING * * *
The bullfrog hits you.
You die...

####≈≈≈≈≈≈≈≈≈≈≈≈≈≈≈≈≈####
##≈≈≈≈.≈≈#########≈≈≈≈.≈.##
##≈≈≈≈≈####≈≈≈≈≈..####†.≈≈.##
##.≈≈†###≈≈.≈≈≈≈≈.≈.≈≈###†≈≈≈##
#.≈†.##≈≈≈.†#######≈≈≈≈≈##≈≈≈.#
##≈.†##.≈≈.###≈§§≈≈###≈†≈≈##.≈≈##
#≈≈≈≈#≈≈..##≈≈§§§§§≈≈##†≈≈≈#≈≈.≈#
#≈.≈##.≈≈##≈≈≈§r§§§≈≈≈##≈.≈##≈≈≈#
.≈.≈#.≈≈.#≈.≈.lF@§§≈≈≈≈#≈≈≈≈#≈≈≈#
∩.≈≈#≈≈≈≈#≈≈.?SBrS§≈≈.≈#.≈.≈#.≈≈#
.≈≈.#≈.≈≈#.≈.≈§≈F§§≈≈≈≈#.≈≈≈#.≈.#
#≈≈≈##≈≈≈#≈≈..≈≈≈≈§≈≈≈##≈≈≈##≈≈≈#
#..≈≈#≈≈.#≈.F≈.≈.≈.≈≈##≈.≈.#≈≈.≈#
##≈≈†##≈≈##≈†#≈≈≈≈≈###...≈##†≈≈##
#≈≈≈≈##≈≈#.†#######≈≈≈.≈##≈.≈≈#
##..≈≈#≈.##≈..≈≈≈.†≈≈≈###≈≈≈≈##
##≈.≈..≈.#.F§≈≈..≈####≈≈≈.≈##


You could see 2 bullfrogs, 2 quokkas, a giant cockroach, 2 ball pythons and a
frilled lizard.

Vanquished Creatures
  A necrophage (D:4)
  Jessica (D:2)
  8 adders
  A river rat (D:4)
  3 worms
  3 dart slugs
  3 orcs (D:3)
  6 endoplasms
  20 giant cockroaches
  6 goblins
  4 hobgoblins
  4 jackals
  10 quokkas
  16 ball pythons
  A bat (D:2)
  10 frilled lizards
  3 kobolds
  3 rats
103 creatures vanquished.

Vanquished Creatures (collateral kills)
  A frilled lizard (D:2)
1 creature vanquished.

Grand Total: 104 creatures vanquished

Notes
Turn   | Place    | Note
-------+----------+-------------------------------------------
     0 | Abyss:1  | marklar909 the Palentonga Abyssal Knight began the quest
                  | for the Orb.
     0 | Abyss:1  | Reached XP level 1. HP: 19/19 MP: 2/2
   104 | Abyss:1  | Noticed a starcursed mass
   105 | D:1      | Escaped the Abyss
   411 | D:1      | Reached XP level 2. HP: 24/25 MP: 3/3
   446 | D:1      | Found a faded altar of an unknown god.
   515 | D:1      | Got Plato's Almanac of Execration
  1102 | D:2      | Reached XP level 3. HP: 31/31 MP: 4/4
  1742 | D:2      | Noticed Jessica
  1757 | D:2      | Killed Jessica
  1758 | D:2      | Reached skill level 1 in Dodging
  1758 | D:2      | Reached XP level 4. HP: 14/39 MP: 5/5
  3512 | D:3      | Reached *** piety under Lugonu
  3592 | D:3      | Reached XP level 5. HP: 44/44 MP: 6/6
  3747 | D:4      | Noticed sammy202020's ghost (amateur MiBe)
  3747 | D:4      | Found a runed translucent gate.
  3747 | D:4      | Found a runed translucent gate.
  3747 | D:4      | Found a runed translucent gate.
  3962 | D:4      | Found a glowing drain.
  4086 | Sewer    | Entered a sewer
  4333 | Sewer    | Reached XP level 6. HP: 50/51 MP: 7/7
  4344 | Sewer    | Reached **** piety under Lugonu
  4605 | Sewer    | HP: 2/51 [quokka (3)]
  4605 | Sewer    | Slain by a bullfrog

Illustrated notes

Levels and vault maps discovered:
D:1:      saegor_arrival_simple_b, layout_rooms,
          shapermc_ecumenical_altar_rom_forum
D:2:      layout_basic, uniq_jessica
D:3:      minmay_roachtagon, layout_rooms, minivault_4
D:4:      layout_loops_cross, nicolae_overflow_crystal_walls,
          gammafunk_ghost_necromancy, gup_sewer_entry_bubbles, uniq_robin,
          uniq_grinder, uniq_menkaure
Sewer:    sewer_frog_island_02

Skill      XL: |  1  2  3  4  5 |
---------------+----------------+-----
Armour         | 2 |  2.9
Dodging        | 1 |  1.5
Long Blades    | 3 4 |  4.3
Fighting       | 4 |  4.1
Stealth        | |  0.2
Invocations    | |  2.4

Action                   |  1- 3 |  4- 6 || total
-------------------------+-------+-------++-------
Melee: Falchion          |    64 |   258 ||   322
       Tailslap          |     2 |    28 ||    30
Throw: Dart              |     1 |       ||     1
Invok: Depart the Abyss  |     1 |       ||     1
       Bend Space        |       |     4 ||     4
 Abil: Rolling Charge    |     1 |       ||     1
  Use: Scroll            |       |     6 ||     6
       Potion            |       |     3 ||     3
Armor: Leather armour    |    35 |    25 ||    60
       Ring mail         |       |    93 ||    93
Dodge: Dodged            |    27 |   130 ||   157

Table legend: (Time is in decaauts)
 A = Elapsed time spent in this place.
 B = Non-inter-level travel time spent in this place.
 C = Inter-level travel time spent in this place.
 D = Time resting spent in this place.
 E = Time spent auto-exploring this place.
 F = Levels seen in this place.
 G = Mean time per level.
                   A        B        C        D        E       F      G
               +--------+--------+--------+--------+--------+-----+--------+
         Total |   4735 |   4603 |    132 |   1218 |   2494 |   6 |  789.2 |
       Dungeon |   4034 |   3902 |    132 |   1075 |   2227 |   4 | 1008.5 |
         Abyss |    105 |    105 |      0 |      0 |     61 |   1 |  105.0 |
         Sewer |    596 |    596 |      0 |    143 |    206 |   1 |  596.0 |
               +--------+--------+--------+--------+--------+-----+--------+

Top non-repeatable levels by time:
     D:2: 2018 daAuts
     D:1: 983 daAuts
     D:3: 670 daAuts
   Sewer: 596 daAuts
     D:4: 361 daAuts
 Abyss:1: 105 daAuts
